 Dungeon Crawl Stone Soup version 0.26-a0-665-gefeb406119 (console) character file.

Game seed: 16473779104041724602

314446 om the Severer (level 20, -3/159 HPs)
             Began as a Minotaur Berserker on Oct 14, 2020.
             Was the Champion of Trog.
             Killed from afar by an acid blob (4 damage)
             ... with a splash of acid
             ... on level 5 of the Pits of Slime on Oct 15, 2020.
             The game lasted 01:44:04 (56308 turns).

om the Severer (Minotaur Berserker)                Turns: 56308, Time: 01:44:04

Health: -3/159     AC:  3    Str: 33    XL:     20   Next: 48%
Magic:  0/19       EV: 20    Int:  3    God:    Trog [******]
Gold:   2085       SH:  0    Dex: 10    Spells: 19/19 levels left

rFire    + . .     SeeInvis .   a - +9 executioner's axe (vamp)
rCold    . . .     Faith    .   (shield currently unavailable)
rNeg     . . .     Spirit   +   u - +0 acid dragon scales
rPois    +         Reflect  .   L - +2 hat
rElec    .         Harm     .   q - +0 cloak
rCorr    +         Rampage  .   f - +3 pair of gauntlets of War {Slay+5}
MR       ++...                  t - +1 pair of boots
Stlth    ..........             d - amulet of guardian spirit
HPRegen  0.36/turn              X - ring of Insomnia {AC+4 Str+7}
MPRegen  0.16/turn              I - ring "Atwim" {+Fly rPois rF+ MR+ Stlth-}

@: corroded, berserk cooldown, slowed, very slow
A: retaliatory headbutt, horns 2, clumsy 2, dopey 1, frail 1
}: 2/15 runes: decaying, gossamer
a: Berserk, Trog's Hand, Brothers in Arms, Renounce Religion, Evoke Flight


You were on level 5 of the Pits of Slime.
You worshipped Trog.
Trog was exalted by your worship.
You visited 8 branches of the dungeon, and saw 39 of its levels.
You visited 1 bazaar.
You also visited: Gauntlet.

You collected 3747 gold pieces.
You spent 1662 gold pieces at shops.

Inventory:

Hand Weapons
 a - a +9 vampiric executioner's axe (weapon)
 b - a +4 longbow
 K - a +4 vorpal shortbow
 T - a +3 executioner's axe of flaming
Missiles
 c - 498 arrows
Armour
 f - the +3 pair of gauntlets of War (worn) {Slay+5}
   (You found it on level 3 of the Swamp)

   It affects your accuracy and damage with ranged weapons and melee attacks
   (+5).
 i - a +3 plate armour
 q - a +0 cloak (worn)
 t - a +1 pair of boots (worn)
 u - +0 acid dragon scales (worn)
 L - a +2 hat (worn)
Jewellery
 d - an amulet of guardian spirit (around neck)
 v - a +4 ring of evasion
 F - an uncursed ring of stealth
 H - an uncursed ring of see invisible
 I - the ring "Atwim" (right hand) {+Fly rPois rF+ MR+ Stlth-}
   (You found it in a Gauntlet)

   [ring of flight]

   It protects you from fire.
   It protects you from poison.
   It affects your resistance to hostile enchantments.
   It lets you fly.
   It makes you less stealthy.
 J - a +4 ring of protection
 N - an uncursed ring of positive energy
 R - an uncursed ring of protection from fire
 S - an uncursed ring of protection from magic
 X - the ring of Insomnia (left hand) {AC+4 Str+7}
   (You found it on level 3 of the Lair of Beasts)

   [ring of protection]

   It affects your AC (+4).
   It affects your strength (+7).
Wands
 r - a wand of paralysis (32)
 z - a wand of acid (8)
 A - a wand of random effects (53)
 B - a wand of disintegration (42)
 C - a wand of flame (32)
 E - a wand of iceblast (25)
 M - a wand of digging (9)
 P - a wand of enslavement (21)
Scrolls
 e - 20 scrolls of remove curse
 j - a scroll of blinking
 l - 6 scrolls of fog
 n - 5 scrolls of vulnerability
 o - 7 scrolls of enchant armour
 s - a scroll of immolation
 w - 2 scrolls of fear
 D - a scroll of silence
 G - 27 scrolls of teleportation
 O - 2 scrolls of holy word
 Q - 6 scrolls of identify
 W - a scroll of summoning
 Y - 5 scrolls of magic mapping
Potions
 g - 3 potions of haste
 h - 16 potions of curing
 k - 6 potions of might
 m - 10 potions of lignification
 p - 2 potions of resistance
 x - 6 potions of invisibility
 U - 4 potions of cancellation
 V - 12 potions of ambrosia
Miscellaneous
 y - a condenser vane (2/2)
 Z - a box of beasts (3/3)


   Skills:
 + Level 14.8 Fighting
 - Level 20.5 Axes
 * Level 14.8 Bows
 + Level 19.7 Armour
 + Level 18.1 Dodging
 - Level 10.0 Evocations


You had 19 spell levels left.
You didn't know any spells.
Your spell library was empty.

Dungeon Overview and Level Annotations

Branches:
Dungeon (15/15)            Temple (0/1) D:4            Lair (6/6) D:8
  Swamp (4/4) Lair:3       Spider (4/4) Lair:4        Slime (5/5) Lair:5
    Orc (2/2) D:10            Elf (2/3) Orc:2        Vaults (0/5) D:13
 Depths (1/5) D:15        Gauntlet (visited)

Altars:
Dithmenos
Elyvilon
Makhleb
Trog
Wu Jian
The Shining One
Jiyva

Shops:
D:4 ?   D:7 !   D:13 **=!   Orc:2 !*}?   Elf:2 =(

Portals:
Abyss: D:3

Annotations:
Slime:4 exclusion: upstairs


Innate Abilities, Weirdness & Mutations

You reflexively headbutt those who attack you in melee.
You have a pair of horns on your head.
You are very clumsy. (Dex -4)
You are dopey. (Int -2)
You are frail. (-10% HP)


Message History

* * * LOW HITPOINT WARNING * * *
You are splashed with acid.
You resist.
* * * LOW HITPOINT WARNING * * *
There is a stone staircase leading down here.
Okay, then.
The slime creature barely misses you. You furiously retaliate!
You headbutt the slime creature.
You climb downwards.
The acid blob spits acid at you. The splash of acid hits you. You resist.
* * * LOW HITPOINT WARNING * * *
The acid corrodes you!
You are splashed with acid.
You resist.
* * * LOW HITPOINT WARNING * * *
The acid blob spits acid at you. The splash of acid hits you. You resist.
* * * LOW HITPOINT WARNING * * *
You are splashed with acid.
You resist.
* * * LOW HITPOINT WARNING * * *
The acid blob spits acid at you. The splash of acid hits you. You resist.
You die...

.................................
.................................
.................................
...........J.....................
.................................
........................,,,,,,,,,
#..........J............,,,,,,,,,
#..........J............,,,,,,,,,
##......................,,,,,,,,*
#......................,*,,,,***
##.###.........@.......,**,,,*
##* ##..#............#****,,*
####......#.....# ****
##.##.#...#### #####..#.# *#####


You could see 3 acid blobs.

Vanquished Creatures
  the Royal Jelly (Slime:5)
  A caustic shrike (D:15)
  Arachne (Spider:3)
  8 acid blobs
  Kirke (Lair:4)
  3 thorn hunters
  5 azure jellies
  3 ghost moths (Spider:4)
  5 emperor scorpions
  An orc warlord (Orc:2)
  The ghost of mammut the Fighter, a journeyman PaAM of Vehumet (Lair:2)
  A frost giant (D:15)
  Louise (D:14)
  Aizul (D:15)
  A vampire knight (D:15)
  7 entropy weavers
  2 spark wasps (Spider:4)
  A dire elephant (Gauntlet)
  A minotaur (Gauntlet)
  A deep elf annihilator (Elf:1)
  An ettin (D:15)
  3 great orbs of eyes
  3 death oozes (Slime:5)
  A deep elf high priest (Elf:1)
  A yaktaur captain (D:15)
  Harold (D:9)
  4 vault guards (D:13)
  27 hydras
  3 boulder beetles
  A ghost crab (Swamp:3)
  An ogre mage (D:15)
  3 centaur warriors
  A shambling mangrove (Swamp:4)
  A death knight (D:14)
  A catoblepas (Lair:6)
  2 tengu warriors
  7 two-headed ogres
  A queen ant (Lair:5)
  13 alligators
  The ghost of R007833r the Severer, a novice DrBe of Trog (D:8)
  27 dancing weapons
  6 death yaks (Lair:5)
  2 orc high priests (Orc:2)
  Nergalle (Lair:3)
  13 deep elf knights
  Sonja (D:10)
  13 skeletal warriors
  The ghost of nago the Fighter, a novice VSBr of Uskayaw (D:9)
  A fire crab (shapeshifter) (Depths:1)
  4 unseen horrors
  2 glowing orange brains
  A swamp dragon (shapeshifter) (D:14)
  4 spriggan druids (Swamp:4)
  9 swamp dragons
  Pikel (D:4)
  3 orc knights (Orc:2)
  5 deep elf archers
  A necromancer (D:15)
  The ghost of Whiskey the Destroyer, a novice OpCj of Sif Muna (D:7)
  An orb spider (shapeshifter) (D:15)
  22 wolf spiders
  3 cyclopes
  27 orb spiders
  31 deep elf magi
  7 orc sorcerers
  13 ugly things
  2 oklob plants (Lair:3)
  2 shining eyes
  2 moths of wrath
  4 centaur zombies
  2 manticores
  4 elephants
  The ghost of GoodGuyCap the Chopper, a novice HOMo of Beogh (D:5)
  Psyche (D:8)
  3 black mambas
  2 eyes of devastation
  A gargoyle (D:12)
  3 torpor snails
  20 cane toads
  7 komodo dragons
  2 rime drakes (Lair:6)
  A yaktaur (D:15)
  8 demonic crawlers
  A komodo dragon (shapeshifter) (D:15)
  12 trolls
  3 tengu conjurers
  A queen bee (D:14)
  35 jumping spiders
  3 meliai (D:14)
  3 polar bears (Lair:6)
  9 tyrant leeches
  18 hornets
  7 blink frogs
  79 slime creatures
  13 dream sheep
  4 bog bodies
  An air elemental (Elf:2)
  3 water elementals
  37 tarantellas
  70 redbacks
  A vampire (D:13)
  2 basilisks
  5 wyverns
  26 spriggans
  2 centaur simulacra (D:15)
  3 shadows
  2 wraiths
  5 fire elementals
  38 yaks
  4 fire bats (Lair:1)
  3 golden eyes (Slime:4)
  2 steam dragons
  4 vampire mosquitoes (Swamp:4)
  3 hogs (Lair:4)
  The ghost of GoodGuyCap the Insei, an amateur OpMo (D:3)
  2 insubstantial wisps (Lair:3)
  10 wargs
  21 swamp worms
  15 water moccasins
  2 acid dragons
  25 soldier ants
  Duvessa (D:6)
  23 orc warriors
  2 phantoms
  9 swamp drakes
  8 black bears
  5 ice beasts
  A sky beast (D:7)
  15 ogres
  3 necrophages
  4 boggarts
  An eye of draining (shapeshifter) (D:15)
  3 eyes of draining (Slime:5)
  36 wolves
  20 centaurs
  4 lemures
  A big kobold (D:10)
  A gnoll sergeant (D:6)
  Blork the orc (D:6)
  17 bullfrogs
  A wyvern zombie (D:9)
  Dowan (D:6)
  2 wyvern skeletons
  5 scorpions
  40 killer bees
  15 wights
  4 electric eels
  A vampire bat (Lair:4)
  2 bullfrog zombies
  6 howler monkeys
  A crimson imp (D:3)
  5 hounds
  30 orc wizards
  8 centaur skeletons
  18 orc priests
  A gnoll shaman (Orc:1)
  3 jellies
  A bullfrog skeleton (D:6)
  Crazy Yiuf (D:7)
  3 iguanas
  26 worker ants
  A small abomination (D:3)
  A hound skeleton (D:4)
  Robin (D:2)
  A howler monkey zombie (D:7)
  8 gnolls
  12 adders
  A shadow imp (D:3)
  A white imp (D:8)
  2 adder skeletons
  An adder zombie (D:4)
  4 worms
  2 dart slugs (D:2)
  A leopard gecko (D:6)
  73 orcs
  7 giant cockroaches
  10 goblins
  9 hobgoblins
  8 jackals
  7 kobolds
  3 quokkas
  2 ball pythons
  12 bats
  4 frilled lizards
  A jackal skeleton (D:4)
  5 rats
1368 creatures vanquished.

Vanquished Creatures (collateral kills)
  An acid blob (Slime:5)
  2 azure jellies (Slime:5)
  An ettin (D:12)
  A great orb of eyes (Slime:5)
  A hydra (D:12)
  An orc high priest (Orc:2)
  An orb spider (Spider:4)
  2 wolf spiders (Spider:4)
  An orc knight (Orc:2)
  A deep elf mage (Elf:1)
  An orc sorcerer (Orc:2)
  2 redbacks (Spider:4)
  2 tarantellas (Spider:4)
17 creatures vanquished.

Vanquished Creatures (others)
  A deep troll earth mage (Depths:1)
  A deep elf mage (Elf:2)
  A redback (Spider:1)
  An orc (Orc:2)
  2 briar patches (Swamp:3)
  A bush (Lair:5)
  A fire vortex (Lair:1)
  30 fungi
  62 plants
100 creatures vanquished.

Grand Total: 1485 creatures vanquished

Notes
Turn   | Place    | Note
-------+----------+-------------------------------------------
     0 | D:1      | om the Minotaur Berserker began the quest for the Orb.
     0 | D:1      | Reached XP level 1. HP: 19/19 MP: 0/0
   187 | D:1      | Reached XP level 2. HP: 26/27 MP: 1/1
   190 | D:1      | Reached skill level 4 in Axes
  1029 | D:2      | Reached XP level 3. HP: 25/33 MP: 2/2
  1258 | D:2      | Found a faded altar of an unknown god.
  1616 | D:2      | Noticed Robin
  1621 | D:2      | Reached ** piety under Trog
  1630 | D:2      | Killed Robin
  1632 | D:2      | Reached XP level 4. HP: 40/40 MP: 3/3
  1795 | D:2      | Reached skill level 5 in Axes
  2423 | D:3      | Found a one-way gate to the infinite horrors of the Abyss.
  2423 | D:3      | Noticed GoodGuyCap's ghost (amateur OpMo)
  2442 | D:3      | Found a transporter.
  2443 | D:3      | Found a transporter.
  2596 | D:3      | Found a glowing golden altar of the Shining One.
  2620 | D:3      | Reached skill level 6 in Axes
  2981 | D:4      | Reached XP level 5. HP: 46/46 MP: 4/4
  2993 | D:4      | Found Ixkilaf's Magic Scroll Emporium.
  2996 | D:4      | Bought a scroll of blinking for 90 gold pieces
  2996 | D:4      | Bought a scroll of identify for 24 gold pieces
  2996 | D:4      | Bought a scroll of teleportation for 36 gold pieces
  2996 | D:4      | Bought a scroll of identify for 24 gold pieces
  3159 | D:4      | Noticed a lemure
  3170 | D:4      | Killed a lemure
  3405 | D:4      | Noticed a lemure
  3406 | D:4      | Noticed a lemure
  3406 | D:4      | Noticed a lemure
  3579 | D:3      | Killed a lemure
  3731 | D:3      | HP: 1/46 [lemure[Pikel] (5)]
  4046 | D:3      | Killed a lemure
  4059 | D:3      | Reached XP level 6. HP: 41/52 MP: 5/5
  4216 | D:4      | Reached *** piety under Trog
  4216 | D:4      | Reached skill level 5 in Armour
  4245 | D:4      | Noticed Pikel
  4262 | D:4      | Killed Pikel
  4262 | D:4      | Reached skill level 9 in Axes
  4262 | D:4      | Reached XP level 7. HP: 50/59 MP: 6/6
  4547 | D:4      | Found a staircase to the Ecumenical Temple.
  4686 | D:5      | Entered Level 5 of the Dungeon
  4747 | D:5      | Found a runed translucent door.
  4747 | D:5      | Noticed GoodGuyCap's ghost (novice HOMo)
  4762 | D:5      | Killed GoodGuyCap's ghost
  4762 | D:5      | Reached skill level 10 in Axes
  4762 | D:5      | Reached XP level 8. HP: 66/66 MP: 7/7
  4841 | D:5      | Reached skill level 11 in Axes
  5473 | D:6      | Noticed Duvessa
  5495 | D:6      | Reached skill level 12 in Axes
  5608 | D:6      | Killed Duvessa
  5608 | D:6      | Reached skill level 5 in Fighting
  5608 | D:6      | Noticed Dowan
  5717 | D:6      | Killed Dowan
  5755 | D:6      | Noticed Blork the orc
  5764 | D:6      | Killed Blork the orc
  5764 | D:6      | Reached **** piety under Trog
  5787 | D:6      | Reached XP level 9. HP: 71/75 MP: 8/8
  6720 | D:7      | Found a shadowy altar of Dithmenos.
  7280 | D:7      | Found Eqiloxuc's Distillery.
  7284 | D:7      | Reached skill level 5 in Dodging
  7302 | D:7      | Found a transporter.
  7303 | D:7      | Noticed a moth of wrath
  7310 | D:7      | Found a bloodstained altar of Trog.
  7321 | D:7      | Bought a potion of heal wounds for 70 gold pieces
  7321 | D:7      | Bought a potion of degeneration for 14 gold pieces
  7449 | D:7      | Noticed Whiskey's ghost (novice OpCj)
  7451 | D:7      | Found a transporter.
  7459 | D:7      | Identified the cursed +3 giant club "Zumm" {freeze, rF-
                  | MP+9 Str+7 Dex+3}
  7459 | D:7      | Noticed a two-headed ogre
  8048 | D:7      | Found a runed translucent door.
  8049 | D:7      | Noticed Crazy Yiuf
  8215 | D:7      | Killed Crazy Yiuf
  8299 | D:8      | Noticed Psyche
  8308 | D:8      | Killed Psyche
  8435 | D:8      | Found a runed translucent door.
  8436 | D:8      | Noticed R007833r's ghost (novice DrBe)
  8441 | D:8      | Identified the cursed +0 trident "Riroan" {speed, *Slow
                  | Str+3 Dex+7}
  8680 | D:8      | Found a staircase to the Lair.
  8681 | D:8      | Noticed a komodo dragon
  8700 | D:8      | Killed a komodo dragon
  8775 | D:8      | Reached XP level 10. HP: 83/86 MP: 9/9
  9436 | Lair:1   | Entered Level 1 of the Lair of Beasts
  9747 | Lair:1   | Noticed a cane toad
  9755 | Lair:1   | Killed a cane toad
  9773 | Lair:1   | Noticed a cane toad
  9788 | Lair:1   | Killed a cane toad
  9788 | Lair:1   | Reached skill level 10 in Armour
  9914 | Lair:1   | Noticed a black mamba
  9931 | Lair:1   | Killed a black mamba
 10316 | D:9      | Found a runed translucent door.
 10317 | D:9      | Noticed nago's ghost (novice VSBr)
 10330 | D:9      | Killed nago's ghost
 10563 | D:9      | Reached ***** piety under Trog
 10885 | D:9      | Noticed Harold
 10896 | D:9      | Killed Harold
 11063 | D:9      | Noticed a two-headed ogre
 11078 | D:9      | Killed a two-headed ogre
 11078 | D:9      | Reached XP level 11. HP: 78/92 MP: 10/10
 11196 | D:9      | Reached skill level 10 in Dodging
 11782 | D:10     | Entered Level 10 of the Dungeon
 12066 | D:10     | Found a staircase to the Orcish Mines.
 12261 | D:10     | Noticed an unseen horror
 12265 | D:10     | Killed an unseen horror
 12432 | D:10     | Noticed Sonja
 12444 | D:10     | Killed Sonja
 13318 | D:11     | Noticed a two-headed ogre
 13328 | D:11     | Killed a two-headed ogre
 13763 | D:11     | Noticed a brown ugly thing
 13805 | D:10     | Killed a brown ugly thing
 14204 | D:11     | Received a gift from Trog
 14591 | D:11     | Noticed a red ugly thing
 14605 | D:11     | Killed a red ugly thing
 14605 | D:11     | Reached XP level 12. HP: 100/100 MP: 3/11
 14726 | D:11     | Found a burning altar of Makhleb.
 15405 | D:12     | Reached skill level 13 in Axes
 15665 | D:12     | Noticed a six-headed hydra
 15678 | D:12     | Killed a six-headed hydra
 16650 | D:12     | Noticed a boulder beetle
 16660 | D:12     | Killed a boulder beetle
 16762 | D:12     | Paralysed by a hornet for 3 turns
 16968 | D:12     | Noticed an ettin
 16978 | D:12     | Killed an ettin
 16978 | D:12     | Reached skill level 14 in Axes
 16996 | D:12     | Got an ichor-stained falchion
 17159 | D:12     | Identified the +4 falchion "Omaugega" {freeze, rElec} (You
                  | found it on level 12 of the Dungeon)
 17763 | D:13     | Received a gift from Trog
 17854 | D:13     | Found Zotuoha's Jewellery Emporium.
 18055 | D:13     | Noticed a vault guard
 18059 | D:13     | Noticed a four-headed hydra
 18156 | Orc:1    | Entered Level 1 of the Orcish Mines
 18436 | Orc:1    | Reached XP level 13. HP: 96/105 MP: 4/12
 18827 | Orc:2    | Entered Level 2 of the Orcish Mines
 19399 | Orc:2    | Found a staircase to the Elven Halls.
 19603 | Orc:2    | Reached skill level 15 in Axes
 19811 | Orc:2    | Reached skill level 15 in Armour
 19814 | Orc:2    | Paralysed by an orc sorcerer for 3 turns
 20139 | Orc:2    | Paralysed by an orc sorcerer for 4 turns
 20410 | Orc:2    | Found Loilibic's Gadget Boutique.
 20410 | Orc:2    | Found Ziruithra's Magic Scroll Emporium.
 20412 | Orc:2    | Found Tifungov's Assorted Antiques.
 20412 | Orc:2    | Found Vuech's Distillery.
 20418 | Orc:2    | Bought a scroll of identify for 22 gold pieces
 20418 | Orc:2    | Bought a scroll of identify for 22 gold pieces
 20418 | Orc:2    | Bought a scroll of holy word for 82 gold pieces
 20418 | Orc:2    | Bought a scroll of identify for 22 gold pieces
 20418 | Orc:2    | Bought a scroll of teleportation for 33 gold pieces
 20421 | Orc:2    | Bought a scroll of identify for 22 gold pieces
 20425 | Orc:2    | Bought a runed hat for 224 gold pieces
 20426 | Orc:2    | Bought a potion of heal wounds for 60 gold pieces
 20434 | Orc:2    | Bought a condenser vane (2/2) for 300 gold pieces
 20434 | Orc:2    | Bought a wand of disintegration (17) for 315 gold pieces
 20783 | Orc:1    | Noticed an orc warlord
 20793 | Orc:2    | Killed an orc warlord
 20793 | Orc:2    | Reached skill level 1 in Evocations
 21112 | Elf:1    | Entered Level 1 of the Elven Halls
 21792 | Elf:1    | Reached skill level 16 in Axes
 21809 | Elf:1    | Noticed a deep elf annihilator
 21862 | Elf:1    | Killed a deep elf annihilator
 22089 | D:13     | Found Miofiw's General Store.
 22110 | D:13     | Bought a wand of digging (5) for 198 gold pieces
 22844 | D:13     | Found a gate to the Vaults.
 23020 | D:13     | Reached XP level 14. HP: 75/113 MP: 4/13
 23314 | D:13     | Found Ruedgh Wais's Distillery.
 23625 | D:13     | Found Caduschoe's General Store.
 24036 | D:13     | Reached skill level 5 in Evocations
 24918 | Lair:2   | Found a large runed translucent door.
 24918 | Lair:2   | Found a large runed translucent door.
 24919 | Lair:2   | Noticed mammut's ghost (journeyman PaAM)
 24965 | Lair:2   | Killed mammut's ghost
 25421 | D:3      | Killed GoodGuyCap's ghost
 25540 | D:7      | Identified the +1 whip of the Last Interlopers {flame, MR+}
 25570 | D:7      | Killed Whiskey's ghost
 25891 | D:8      | Killed R007833r's ghost
 26820 | Lair:3   | Reached skill level 17 in Axes
 26875 | Lair:3   | Found a staircase to the Swamp.
 26913 | Lair:3   | Found a gate leading to a gauntlet.
 26923 | Gauntlet | Entered a Gauntlet
 26923 | Gauntlet | Found a transporter.
 26923 | Gauntlet | Found a transporter.
 27064 | Gauntlet | Found a transporter.
 27064 | Gauntlet | Found a transporter.
 27066 | Gauntlet | Found a large runed translucent door.
 27067 | Gauntlet | Found a large runed translucent door.
 27068 | Gauntlet | Found a large runed translucent door.
 27068 | Gauntlet | Found a large runed translucent door.
 27068 | Gauntlet | Found a runed translucent door.
 27068 | Gauntlet | Found a runed translucent door.
 27069 | Gauntlet | Found a large runed translucent door.
 27069 | Gauntlet | Found a large runed translucent door.
 27069 | Gauntlet | Found a large runed translucent door.
 27069 | Gauntlet | Found a large runed translucent door.
 27070 | Gauntlet | Found a large runed translucent door.
 27071 | Gauntlet | Found a large runed translucent door.
 27071 | Gauntlet | Found a transporter.
 27084 | Gauntlet | Found a large runed translucent door.
 27084 | Gauntlet | Found a large runed translucent door.
 27085 | Gauntlet | Found a large runed translucent door.
 27085 | Gauntlet | Found a large runed translucent door.
 27085 | Gauntlet | Found a large runed translucent door.
 27085 | Gauntlet | Found a large runed translucent door.
 27088 | Gauntlet | Found a runed translucent gate.
 27088 | Gauntlet | Found a runed translucent gate.
 27088 | Gauntlet | Found a runed translucent gate.
 27090 | Gauntlet | Found a transporter.
 27100 | Gauntlet | Found a transporter.
 27100 | Gauntlet | Found a transporter.
 27108 | Gauntlet | Found a transporter.
 27139 | Gauntlet | Found a transporter.
 27148 | Gauntlet | Found a transporter.
 27168 | Gauntlet | Found a transporter.
 27214 | Gauntlet | Found a transporter.
 27228 | Gauntlet | Found a transporter.
 27328 | Gauntlet | Found a transporter.
 27342 | Gauntlet | Found a transporter.
 27376 | Gauntlet | Found a transporter.
 27390 | Gauntlet | Found a transporter.
 27404 | Gauntlet | Found a large runed translucent door.
 27404 | Gauntlet | Found a transporter.
 27405 | Gauntlet | Found a large runed translucent door.
 27406 | Gauntlet | Found a large runed translucent door.
 27406 | Gauntlet | Found a large runed translucent door.
 27420 | Gauntlet | Found a transporter.
 27422 | Gauntlet | Found a transporter.
 27435 | Gauntlet | Found a transporter.
 27437 | Gauntlet | Found a large runed translucent door.
 27438 | Gauntlet | Found a large runed translucent door.
 27439 | Gauntlet | Found a large runed translucent door.
 27439 | Gauntlet | Found a large runed translucent door.
 27439 | Gauntlet | Found a runed translucent door.
 27439 | Gauntlet | Found a runed translucent door.
 27440 | Gauntlet | Found a large runed translucent door.
 27440 | Gauntlet | Found a large runed translucent door.
 27441 | Gauntlet | Found a large runed translucent door.
 27441 | Gauntlet | Found a large runed translucent door.
 27442 | Gauntlet | Found a large runed translucent door.
 27442 | Gauntlet | Found a large runed translucent door.
 27443 | Gauntlet | Found a runed translucent gate.
 27443 | Gauntlet | Found a runed translucent gate.
 27443 | Gauntlet | Found a runed translucent gate.
 27445 | Gauntlet | Found a transporter.
 27455 | Gauntlet | Found a transporter.
 27455 | Gauntlet | Found a transporter.
 27479 | Gauntlet | Found a transporter.
 27497 | Gauntlet | Found a transporter.
 27504 | Gauntlet | Found a transporter.
 27541 | Gauntlet | Found a transporter.
 27555 | Gauntlet | Found a transporter.
 27568 | Gauntlet | Found a transporter.
 27644 | Gauntlet | Paralysed by a hornet for 2 turns
 28257 | Gauntlet | Got a brightly glowing silver ring
 28258 | Gauntlet | Identified the ring "Atwim" {+Fly rPois rF+ MR+ Stlth-}
                  | (You found it in a Gauntlet)
 28330 | Gauntlet | Got a buzzing broad axe
 28332 | Gauntlet | Identified the +4 broad axe "Killer Bee's Curse" {elec,
                  | *Contam *Rage rPois Int+8} (You found it in a Gauntlet)
 29019 | Lair:3   | Got a brightly glowing platinum ring
 29029 | Lair:3   | Identified the ring of Insomnia {AC+4 Str+7} (You found it
                  | on level 3 of the Lair of Beasts)
 29082 | Lair:3   | Identified the +11 whip of Paper {vorpal, *Contam Int-5
                  | Dex+7}
 29082 | Lair:3   | Noticed Nergalle
 29097 | Lair:3   | Killed Nergalle
 29408 | Lair:3   | Identified the Tome of Twisted Flight
 29979 | Lair:4   | Found a hole to the Spider Nest.
 30071 | Lair:4   | Noticed Kirke
 30078 | Lair:4   | Received a gift from Trog
 30097 | Lair:4   | Noticed a sphinx
 30336 | Lair:4   | Killed Kirke
 30840 | Lair:5   | Reached XP level 15. HP: 114/121 MP: 14/14
 31486 | Lair:5   | Found a staircase to the Slime Pits.
 31486 | Lair:5   | Found a viscous altar of Jiyva.
 31843 | Lair:5   | Reached ****** piety under Trog
 31843 | Lair:5   | Received a gift from Trog
 32418 | Lair:6   | Entered Level 6 of the Lair of Beasts
 32585 | Lair:6   | Reached skill level 18 in Axes
 33067 | Lair:6   | Received a gift from Trog
 33716 | Lair:6   | Reached skill level 15 in Dodging
 34911 | D:14     | Found an ornate altar of the Wu Jian Council.
 35558 | D:14     | Noticed Louise
 35567 | D:14     | Killed Louise
 35670 | D:14     | Found a white marble altar of Elyvilon.
 35847 | D:14     | Reached skill level 5 in Bows
 35847 | D:14     | Reached XP level 16. HP: 128/133 MP: 5/15
 36073 | D:15     | Entered Level 15 of the Dungeon
 36137 | D:15     | Reached XP level 17. HP: 118/139 MP: 5/16
 36763 | D:15     | Reached skill level 10 in Fighting
 37424 | D:15     | Reached skill level 19 in Axes
 37729 | D:15     | Received a gift from Trog
 37773 | D:15     | Found a staircase to the Depths.
 37781 | D:15     | Reached skill level 10 in Evocations
 38004 | Depths:1 | Entered Level 1 of the Depths
 38004 | Depths:1 | Noticed a caustic shrike
 38004 | Depths:1 | Noticed Aizul
 38787 | Elf:1    | Found a gateway to a bazaar.
 38862 | Bazaar   | Entered a bazaar
 38864 | Bazaar   | Found Tiereh's Weapon Boutique.
 38868 | Bazaar   | Found Peckar's Antique Armour Boutique.
 38868 | Bazaar   | Found Igedowk's Gadget Boutique.
 38869 | Bazaar   | Found Soammabb's Magic Scroll Boutique.
 38899 | Bazaar   | Bought a scroll of fear for 38 gold pieces
 38899 | Bazaar   | Bought a scroll of teleportation for 33 gold pieces
 38899 | Bazaar   | Bought a scroll of teleportation for 33 gold pieces
 39405 | Elf:2    | Found Kemief's Antique Weapon Emporium.
 40117 | Elf:2    | Received a gift from Trog
 40622 | Elf:2    | Found Fuanoig's Jewellery Shop.
 40738 | Elf:2    | Found a huge runed translucent gate.
 40738 | Elf:2    | Found a huge runed translucent gate.
 40738 | Elf:2    | Found a huge runed translucent gate.
 40740 | Elf:2    | Found a huge runed translucent gate.
 40757 | Elf:2    | Found a huge runed translucent gate.
 41394 | Elf:2    | Reached skill level 20 in Axes
 41860 | D:14     | Reached XP level 18. HP: 151/151 MP: 17/17
 41936 | D:15     | Killed a caustic shrike
 42173 | D:15     | Killed Aizul
 42810 | Swamp:1  | Entered Level 1 of the Swamp
 42921 | Swamp:1  | Received a gift from Trog
 45214 | Swamp:3  | Found the +3 pair of gauntlets of War {Slay+5}
 45485 | Swamp:3  | Received a gift from Trog
 45851 | Swamp:4  | Entered Level 4 of the Swamp
 45863 | Swamp:4  | Reached skill level 10 in Bows
 46532 | Swamp:4  | Identified the +1 scale mail of Freezing Curiosity {Int+5
                  | Dex+2} (You found it on level 4 of the Swamp)
 46802 | Swamp:4  | Reached XP level 19. HP: 101/162 MP: 14/18
 46987 | Swamp:4  | Got a decaying rune of Zot
 47374 | Spider:1 | Entered Level 1 of the Spider Nest
 47379 | Spider:1 | Received a gift from Trog
 50531 | Spider:3 | Noticed Arachne
 50540 | Spider:3 | Killed Arachne
 51315 | Spider:4 | Entered Level 4 of the Spider Nest
 51328 | Spider:4 | Received a gift from Trog
 53109 | Spider:4 | Received a gift from Trog
 53874 | Spider:4 | Got a gossamer rune of Zot
 54500 | Slime:1  | Entered Level 1 of the Pits of Slime
 54505 | Slime:1  | Reached XP level 20. HP: 157/174 MP: 16/19
 54519 | Slime:1  | Gained mutation: You are clumsy. (Dex -2) [a shining eye]
 55027 | Slime:3  | Gained mutation: You are dopey. (Int -2) [a shining eye]
 55028 | Slime:3  | Gained mutation: You are very clumsy. (Dex -4) [a shining
                  | eye]
 55780 | Slime:5  | Entered Level 5 of the Pits of Slime
 55789 | Slime:5  | Received a gift from Trog
 56246 | Slime:5  | Noticed the Royal Jelly
 56275 | Slime:5  | Gained mutation: You are frail. (-10% HP) [a shining eye]
 56285 | Slime:5  | Killed the Royal Jelly
 56308 | Slime:5  | HP: 6/159 [acid blob/splash of acid[the Royal Jelly] (4)]
 56308 | Slime:5  | HP: 1/159 [acid[the Royal Jelly] (5)]
 56308 | Slime:5  | Killed from afar by an acid blob

Illustrated notes

Levels and vault maps discovered:
D:1:      denvon_arrival_planthouse, layout_basic
D:2:      layout_loops_ring, chequers_ecumenical_altar_simple_redux,
          minmay_pentomino_pile, uniq_robin
D:3:      layout_loops_corners, lemuel_doored_altar,
          gammafunk_ghost_abyssal_escape
D:4:      layout_cave_pools, temple_statues, serial_shops, nicolae_shop_stone,
          hex_medium, uniq_pikel
D:5:      layout_cave_pools, gammafunk_ghost_grave, serial_column_ruins,
          column_ruins_hut_ruined, column_ruins_courtyard_long,
          column_ruins_grid_1, column_ruins_grid_4, column_ruins_grid_3,
          column_ruins_grid_1
D:6:      layout_cave_pools, uniq_blork_the_orc, uniq_duvessa
D:7:      layout_cave_pools, serial_shops, shop,
          gammafunk_ghost_wrathful_warriors, basic_altar, kennysheep_boxes,
          uniq_crazy_yiuf_cottage
D:8:      layout_basic, david_lair_shrubbed, ebering_ghost_funeral_grove,
          uniq_psyche
D:9:      layout_stronghold, gammafunk_ghost_grave, uniq_harold
D:10:     layout_small_grid, david_orc_3, uniq_sonja
D:11:     layout_basic, basic_altar, chequers_serial_rivers_room_a
D:12:     layout_roguey, kennysheep_just_a_vault
D:13:     layout_layer_cave, lightli_vaults_fourway_checkpoint, serial_shops,
          nicolae_shop_statue_plus, shop_fountains, nicolae_shop_statue_plus,
          shop
D:14:     layout_roguey [special_room_bee], basic_altar, elyvilon_altar_5,
          uniq_louise
D:15:     grunt_enter_depths_magical_seal, layout_long_grid, chequers_garden,
          drop_trap
Lair:1:   layout_gridlike, special_room, minmay_holes
Lair:2:   layout_regular_city, ebering_ghost_disaster_area,
          grunt_forest_small_clearings, chequers_serial_rivers_small_3
Lair:3:   layout_loops_ring, minmay_swamp_entry_wisps, gauntlet_entry_generic,
          serial_bayou_pond_b, lemuel_fruit_fields, grunt_megastairs_1,
          serial_bayou_shore_a, minmay_lair_oklob_chamber, uniq_nergalle
Lair:4:   layout_hall_layers, nicolae_spider_entry_non_spiders,
          chequers_serial_rivers_micro_a, roderic_batcave, uniq_kirke
Lair:5:   layout_regular_city, slime_altar_1, minivault_29, serial_bayou_shore_b
Lair:6:   minmay_lair_end_enchanted_forest, layout_long_grid
Swamp:1:  layout_basic_swamp, serial_swamp_ruin, evilmike_swamp_ruin_house_3,
          evilmike_swamp_ruin_house_4, evilmike_swamp_ruin_house_6, swamp_pool3
Swamp:2:  layout_falls_marsh, hangedman_swamp_ruin_wall
Swamp:3:  layout_basic_swamp, evilmike_swamp_ruin_house_1, swamp_pool1
Swamp:4:  swamp, layout_basic_swamp
Spider:1: layout_spider_delve
Spider:2: lemuel_spider_zombies, nicolae_orb_island
Spider:3: layout_spider_delve, uniq_arachne
Spider:4: grunt_spider_rune_parallel
Slime:1:  layout_caves
Slime:2:  layout_caves
Slime:3:  layout_caves
Slime:4:  layout_caves
Slime:5
Orc:1:    cheibrodos_orc_guarddog, layout_diamond_mine
Orc:2:    grunt_orc_tribal_feast, layout_caves
Elf:1:    eino_elf_arrival_customs, layout_gridlike, serial_shops,
          bzr_entry_road, hangedman_elf_represent
Elf:2:    layout_geoelf_octagon, serial_shops, shop, nicolae_shop_stone
Depths:1: layout_gridlike, hellmouth_1, rand_demon_pan_entry_1,
          serial_sigils_hangedman_shear, minmay_stone_trees_medium,
          minmay_misc_feat_square, hangedman_abyss_or_decor_lesser_grid,
          evilmike_ambush [evilmike_ambush_outer_basic,
          evilmike_ambush_inner_basic], firewood_loft, uniq_aizul

Skill      XL: |  1  2  3  4  5  6  7  8  9 10 11 12 13 14 15 16 17 18 19 20 |
---------------+-------------------------------------------------------------+-----
Axes           | 4 6 9 10 12 14 16 17 18 20 | 20.5
Fighting       | 4 6 7 8 9 11 12 14 | 14.8
Armour         | 3 4 6 9 11 13 14 15 16 17 18 19 | 19.7
Dodging        | 3 6 9 12 13 14 15 16 17 18 | 18.1
Evocations     | 4 7 9 10 | 10.0
Bows           | 5 7 11 13 14 | 14.8

Action                   |  1- 3 |  4- 6 |  7- 9 | 10-12 | 13-15 | 16-18 | 19-21 || total
-------------------------+-------+-------+-------+-------+-------+-------+-------++-------
Melee: Hand axe          |    65 |   139 |       |       |       |       |       ||   204
       Headbutt          |    13 |    29 |    62 |   129 |   259 |   182 |   127 ||   801
       Whip              |       |       |   227 |   122 |       |       |       ||   349
       Trident           |       |       |       |   228 |    23 |       |       ||   251
       Executioner's axe |       |       |       |   233 |   873 |   807 |   453 ||  2366
       Broad axe         |       |       |       |       |   222 |       |       ||   222
       Unarmed           |       |       |       |       |     5 |       |       ||     5
       Halberd           |       |       |       |       |    15 |    22 |       ||    37
 Fire: Shortbow          |       |       |       |       |       |    47 |    26 ||    73
       Longbow           |       |       |       |       |       |     2 |   237 ||   239
Invok: Berserk           |     1 |     7 |     6 |    12 |    19 |     8 |     4 ||    57
       Brothers in Arms  |       |       |       |     3 |     3 |       |     4 ||    10
       Trog's Hand       |       |       |       |       |     2 |       |     1 ||     3
 Abil: Evoke Flight      |       |       |       |       |       |       |     1 ||     1
Evoke: Wand              |       |     1 |     3 |     2 |     6 |       |     1 ||    13
       Condenser vane    |       |       |       |       |     1 |       |       ||     1
  Use: Scroll            |       |    11 |     2 |     4 |    22 |    14 |     8 ||    61
       Potion            |       |       |       |     1 |     8 |     1 |     9 ||    19
 Stab: Paralysed         |       |     8 |     2 |       |       |       |       ||    10
       Confused          |       |       |       |       |       |     1 |       ||     1
Armor: Animal skin       |    19 |       |       |       |       |       |       ||    19
       Ring mail         |       |    29 |    24 |       |       |       |       ||    53
       Scale mail        |       |       |    64 |   145 |       |       |       ||   209
       Plate armour      |       |       |       |   100 |   711 |   661 |   424 ||  1896
       Skin              |       |       |       |       |    10 |       |       ||    10
       Acid dragon scale |       |       |       |       |       |       |    97 ||    97
Dodge: Dodged            |    39 |    67 |   124 |   465 |   959 |   761 |   722 ||  3137

Table legend: (Time is in decaauts)
 A = Elapsed time spent in this place.
 B = Non-inter-level travel time spent in this place.
 C = Inter-level travel time spent in this place.
 D = Time resting spent in this place.
 E = Time spent auto-exploring this place.
 F = Levels seen in this place.
 G = Mean time per level.
                   A        B        C        D        E       F      G
               +--------+--------+--------+--------+--------+-----+--------+
         Total |  57257 |  53028 |   4229 |  18881 |  25249 |  41 | 1396.5 |
       Dungeon |  25530 |  22955 |   2575 |   7438 |  12164 |  15 | 1702.0 |
          Lair |  10534 |   9845 |    689 |   3634 |   4755 |   6 | 1755.7 |
         Swamp |   4758 |   4505 |    253 |   1073 |   2588 |   4 | 1189.5 |
   Spider Nest |   5695 |   5435 |    260 |   2302 |   2102 |   4 | 1423.8 |
    Slime Pits |   1711 |   1711 |      0 |   1216 |     77 |   5 |  342.2 |
  Orcish Mines |   3478 |   3286 |    192 |   1538 |   1159 |   2 | 1739.0 |
   Elven Halls |   4033 |   3775 |    258 |   1458 |   1493 |   2 | 2016.5 |
        Depths |     15 |     15 |      0 |      0 |      0 |   1 |   15.0 |
        Bazaar |     67 |     67 |      0 |      0 |     29 |   1 |   67.0 |
      Gauntlet |   1432 |   1432 |      0 |    220 |    881 |   1 | 1432.0 |
               +--------+--------+--------+--------+--------+-----+--------+

Top non-repeatable levels by time:
    D:12: 2924 daAuts
    D:15: 2774 daAuts
Spider:4: 2659 daAuts
    D:11: 2444 daAuts
   Elf:2: 2322 daAuts
  Lair:5: 2264 daAuts
    D:13: 2240 daAuts
  Lair:4: 2130 daAuts
   Orc:2: 1997 daAuts
     D:9: 1849 daAuts
     D:3: 1807 daAuts
  Lair:3: 1800 daAuts
    D:10: 1773 daAuts
     D:7: 1744 daAuts
   Elf:1: 1711 daAuts
